 Dungeon Crawl Stone Soup version 0.20-a0-1122-gb7cbeb9 (webtiles) character file.

56 Gorglomux the Cudgeler (level 4, -2/35 HPs)
             Began as a Formicid Warper on May 14, 2017.
             Slain by a hound (5 damage)
             ... on level 8 of the Dungeon.
             The game lasted 00:02:17 (1460 turns).

Gorglomux the Cudgeler (Formicid Warper)            Turns: 1460, Time: 00:02:18

Health: -2/35      AC:  3    Str: 16    XL:     4   Next: 17%
Magic:  7/7        EV: 11    Int: 13    God:
Gold:   71         SH:  0    Dex: 10    Spells: 7/7 levels left

rFire    . . .     SeeInvis +   a - +0 mace
rCold    . . .     Gourm    .   (no shield)
rNeg     . . .     Faith    .   b - +0 leather armour
rPois    .         Spirit   .   (helmet unavailable)
rElec    .         Reflect  .   (no cloak)
rCorr    .         Harm     .   (no gloves)
MR       .....                  (no boots)
Stlth    +.........             (no amulet)
Regen    0.2/turn               (no ring)
MPRegen  0.1/turn               (no ring)

@: lethally poisoned (-2 -> -18)
A: permanent stasis, dig shafts and tunnels, four strong arms, antennae 3
a: Dig, Shaft Self


You were on level 8 of the Dungeon.
You were very hungry.

You visited 1 branch of the dungeon, and saw 5 of its levels.

You collected 71 gold pieces.

Inventory:

Hand Weapons
 a - a +0 mace (weapon)
Missiles
 e - 5 tomahawks of dispersal {=f}
Armour
 b - a +0 leather armour (worn)
Scrolls
 d - a scroll of teleportation {unknown}
 g - a scroll of recharging {unknown}
 h - 2 scrolls of amnesia {unknown}
 i - 2 scrolls of identify
 l - a scroll of immolation {unknown}
Potions
 j - a potion of magic
Books
 c - a book of Spatial Translocations
Comestibles
 f - 2 bread rations {@e1@e1}


   Skills:
 + Level 3.0 Fighting
 * Level 3.6 Maces & Flails
 - Level 1.0 Throwing
 - Level 1.1 Armour
 - Level 1.7 Dodging
 - Level 2.1 Spellcasting
   Level 2.6 Translocations


You had 7 spell levels left.
You didn't know any spells.

Dungeon Overview and Level Annotations

Branches:
Dungeon (2/15)

Altars:


Innate Abilities, Weirdness & Mutations

You cannot be hasted, slowed, berserked, paralysed or teleported.
You can dig through walls and to a lower floor.
Your four strong arms can wield two-handed weapons with a shield.
You have a pair of large antennae on your head. (SInv)


Message History

You hit the kobold but do no damage. The kobold barely misses you.
The kobold hits you.
You take 1 damage, and have 31/34 hp.
You hit the kobold.
You kill the kobold!
No target in view!
No target in view!
You see here a kobold corpse.
You see here a kobold corpse.
A hobgoblin comes into view.
A hobgoblin is nearby!
Unknown command.
You hit the hobgoblin but do no damage. The hobgoblin barely misses you.
Unknown command.
You thump the hobgoblin!
You kill the hobgoblin!
Your Fighting skill increases to level 3!
No target in view!
No target in view!
You see here a hobgoblin corpse.
You now have 71 gold pieces (gained 7).
You see here a hobgoblin corpse.
d - a scroll labeled BAMAFA DUCIOS Health restored: 35 There isn't anything here!
Unknown command.
A goblin comes into view. It is wielding a dagger of venom.
The goblin shouts!
All of the chunks of flesh in your inventory have rotted away.
The goblin barely misses you.
You closely miss the goblin. The goblin hits you but does no damage.
You completely miss the goblin.
The goblin hits you with a dagger of venom.
You are poisoned.
You take 2 damage, and have 33/35 hp.
You hit the goblin.
You feel sick.
The goblin hits you with a dagger of venom.
You are more poisoned.
You take 4 damage, and have 29/35 hp.
You closely miss the goblin.
You feel sick.
The goblin hits you with a dagger of venom.
You are lethally poisoned!
The goblin hits you but does no damage.
You are more poisoned.
You take 2 damage, and have 27/35 hp.
You hit the goblin.
You kill the goblin!
You feel very sick.
You take 4 damage, and have 23/35 hp.
Okay, then.
Okay, then.
Okay, then.
Are you sure you want to shaft yourself?
You feel quite a bit more hungry.
You feel very sick.
You begin to dig a shaft.
You continue digging a shaft.
You feel sick. A shaft appears beneath you!
You fall through a shaft!
The shaft crumbles and collapses.
An orc comes into view. It is wielding a morningstar.
You feel sick.
The orc shouts!
You take 7 damage, and have 16/35 hp.
Are you sure you want to shaft yourself?
You are feeling hungry.
You feel sick.
You begin to dig a shaft.
You continue digging a shaft.
You feel very sick. A shaft appears beneath you!
You fall through a shaft for 2 floors!
The shaft crumbles and collapses.
* * * LOW HITPOINT WARNING * * *
You feel sick.
Unknown command.
You take 6 damage, and have 10/35 hp.
Are you sure you want to shaft yourself?
You feel quite a bit more hungry.
* * * LOW HITPOINT WARNING * * *
You feel sick.
You begin to dig a shaft.
You continue digging a shaft.
* * * LOW HITPOINT WARNING * * *
You feel sick. A shaft appears beneath you!
You fall through a shaft for 3 floors!
The shaft crumbles and collapses.
A hound comes into view.
* * * LOW HITPOINT WARNING * * *
You feel sick.
The hound barks!
You hear a horrible gurgling sound!
Found a stone staircase leading up.
You take 4 damage, and have 6/35 hp.
Unknown command.
Are you sure you want to shaft yourself?
You are feeling very hungry.
* * * LOW HITPOINT WARNING * * *
You feel sick.
You begin to dig a shaft.
You continue digging a shaft.
* * * LOW HITPOINT WARNING * * *
You feel sick. The hound barely misses you. The hound bites you.
You die...

########
#..<...#
#......#
#......#
#..@...#
#..h...#
#......#
........#
#.#.###.##
#.### .#
... ..{ ..
.##


You could see a hound.

Vanquished Creatures
  5 dart slugs (D:1)
  A leopard gecko (D:1)
  3 bats
  2 giant cockroaches (D:1)
  6 goblins
  3 hobgoblins
  10 jackals
  2 frilled lizards (D:1)
  4 kobolds
  5 rats (D:1)
41 creatures vanquished.

Notes
Turn   | Place    | Note
-------+----------+-------------------------------------------
     0 | D:1      | Gorglomux the Formicid Warper began the quest for the Orb.
     0 | D:1      | Reached XP level 1. HP: 16/16 MP: 3/3
    16 | D:1      | Gorglomux: k last game
    51 | D:1      | Reached XP level 2. HP: 16/23 MP: 5/5
   246 | D:1      | PeterMcNeter: :D
   360 | D:1      | Reached XP level 3. HP: 27/28 MP: 6/6
   361 | D:1      | Reached skill level 3 in Maces & Flails
  1392 | D:2      | Reached XP level 4. HP: 34/34 MP: 7/7
  1434 | D:2      | Reached skill level 3 in Fighting
  1450 | D:2      | Gorglomux: yeah
  1450 | D:2      | Gorglomux: -13
  1452 | D:2      | You fall through a shaft!
  1455 | D:3      | You fall through a shaft for 2 floors!
  1455 | D:5      | Entered Level 5 of the Dungeon
  1456 | D:5      | HP: 8/35 [poisoned by a goblin]
  1458 | D:5      | You fall through a shaft for 3 floors!
  1460 | D:8      | HP: 3/35 [poisoned by a goblin]
  1460 | D:8      | Slain by a hound

Vault maps used:
D:1:      dpeg_arrival_tiny_f
D:2:      lemuel_coloured_pillars_altar, nicolae_overflow_crystal_walls,
          serial_undead, serial_undead_f, serial_undead_d, serial_undead_a,
          serial_undead_d, chequers_ecumenical_altar_simple_redux
D:3:      minmay_misc_feat_chi, st_stairs_9, evilmike_ruin_ashenzari
D:5:      amethyst_overflow_temple_binary, first_bread, uniq_sigmund
D:8:      nicolae_dithmenos_through_a_glass_darkly, kennysheep_mini_moat,
          chequers_temple_overflow_statue_of_worship, old_standard_altar,
          uniq_gastronok

Skill      XL: |  1  2  3  4 |
---------------+-------------+-----
Maces & Flails | 3 |  3.6
Fighting       | 3 |  3.0
Throwing       | |  1.0
Armour         | |  1.1
Dodging        | |  1.7
Spellcasting   | |  2.1
Translocations | |  2.6

Action                   |  1- 3 |  4- 6 || total
-------------------------+-------+-------++-------
Melee: Mace              |   103 |    19 ||   122
 Abil: Shaft Self        |       |     4 ||     4
  Use: Scroll            |     1 |       ||     1
  Eat: Chunk             |     2 |       ||     2
Armor: Leather armour    |    25 |    10 ||    35
Dodge: Dodged            |    66 |    15 ||    81

Vault maps used:
D:1:      dpeg_arrival_tiny_f
D:2:      lemuel_coloured_pillars_altar, nicolae_overflow_crystal_walls,
          serial_undead, serial_undead_f, serial_undead_d, serial_undead_a,
          serial_undead_d, chequers_ecumenical_altar_simple_redux
D:3:      minmay_misc_feat_chi, st_stairs_9, evilmike_ruin_ashenzari
D:5:      amethyst_overflow_temple_binary, first_bread, uniq_sigmund
D:8:      nicolae_dithmenos_through_a_glass_darkly, kennysheep_mini_moat,
          chequers_temple_overflow_statue_of_worship, old_standard_altar,
          uniq_gastronok

Table legend:
 A = Turns spent in this place as a percentage of turns spent in the entire game.
 B = Non-inter-level travel turns spent in this place as a percentage of non-inter-level travel turns spent in the entire game.
 C = Inter-level travel turns spent in this place as a percentage of turns spent in this place.
 D = Turns resting spent in this place as a percentage of non-inter-level travel turns spent in this place.
 E = Turns spent auto-exploring this place as a percentage of non-inter-level travel turns spent in this place.
 F = Non-inter-level travel turns spent in this place divided by the number of levels of this place that you've seen.
                   A       B       C       D       E      F
               +-------+-------+-------+-------+-------+----------------------
         Total | 100.0 | 100.0 |   0.2 |   2.7 |   9.2 |  95.4
       Dungeon | 100.0 | 100.0 |   0.2 |   2.7 |   9.2 |  95.4
               +-------+-------+-------+-------+-------+----------------------

Table legend:
 A = Kills in this place as a percentage of kills in entire the game.
 B = Kills by you in this place as a percentage of kills by you in the entire game.
 C = Kills by friends in this place as a percentage of kills by friends in the entire game.
 D = Other kills in this place as a percentage of other kills in the entire game.
 E = Experience gained in this place as a percentage of experience gained in the entire game.
 F = Experience gained in this place divided by the number of levels of this place that you have seen.
                   A       B       C       D       E      F
               +-------+-------+-------+-------+-------+----------------------
         Total | 100.0 | 100.0 |  -nan |  -nan | 100.0 |  16.2
       Dungeon | 100.0 | 100.0 |  -nan |  -nan | 100.0 |  16.2
               +-------+-------+-------+-------+-------+----------------------
